 Dungeon Crawl Stone Soup version 0.28.0-45-g0d030f2227 (webtiles) character file.

Game seed: 18267929977515469541

177 zeratav the Insei (level 5, -2/35 HPs)
             Began as an Octopode Transmuter on Apr 13, 2022.
             Slain by an orc
             ... wielding a +0 dagger
              (5 damage)
             ... on level 4 of the Dungeon.
             The game lasted 00:03:16 (3805 turns).

zeratav the Insei (Octopode Transmuter)             Turns: 3805, Time: 00:03:17

Health: -2/35      AC:  1    Str:  9    XL:     5   Next: 57%
Magic:  8/8        EV: 14    Int: 16    God:
Gold:   126        SH:  0    Dex: 14    Spells: 7/8 levels left

rFire   . . .      SeeInvis +     - Unarmed
rCold   . . .      Faith    .   (no shield)
rNeg    . . .      Spirit   .   (helmet restricted)
rPois   .          Reflect  .   (no amulet)
rElec   .          Harm     .   l - ring of see invisible
rCorr   .          Rampage  .   (no ring)
Will    .....                   (no ring)
Stlth   +++.......              (no ring)
HPRegen 0.11/turn               (no ring)
MPRegen 0.11/turn               (no ring)
                                (no ring)
                                (no ring)

@: no status effects
A: almost no armour, amphibious, 8 rings, camouflage 1, gelatinous body 1,
(nimble swimmer 1), tentacles
a: no special abilities


You were on level 4 of the Dungeon.
You visited 1 branch of the dungeon, and saw 4 of its levels.

You collected 126 gold pieces.


Innate Abilities, Weirdness & Mutations

You cannot wear most types of armour.
You are amphibious.
You can wear up to eight rings at the same time.
Your skin changes colour to match your surroundings (Stealth+).
Your rubbery body absorbs attacks. (AC +1, EV +1)
((You are camouflaged when in or above water. (Stealth+)))
You have tentacles for arms and can constrict up to eight enemies at once.


   Skills:
 + Level 2.4 Fighting
 + Level 3.0 Dodging
 + Level 3.1 Stealth
 * Level 4.4 Unarmed Combat
 - Level 2.0 Spellcasting
 - Level 2.0 Transmutations


You had 7 spell levels left.
You knew the following spells:

 Your Spells              Type           Power      Damage    Failure   Level
a - Beastly Appendage     Tmut           16%        N/A       9%          1

Your spell library contained the following spells:

 Spells                   Type           Power      Damage    Failure   Level
 Wereblood                Tmut           8%         N/A       14%         2
 Foxfire                  Conj/Fire      4%         2x1d4     21%         1
 Corpse Rot               Necr/Air       2%         N/A       30%         2
 Poisonous Vapours        Pois/Air       2%         N/A       30%         2
 Spider Form              Tmut/Pois      4%         N/A       38%         3
 Stone Arrow              Conj/Erth      2%         3d7       52%         3
 Ice Form                 Ice/Tmut       4%         N/A       80%         4
 Lehudib's Crystal Spear  Conj/Erth      0%         10d2      100%        8
 Animate Armour           Summ/Erth      Unusable   N/A       N/A         4

Inventory:

Hand Weapons
 n - a +1 hand crossbow of flaming {crossbow}
   (You took it off a kobold on level 4 of the Dungeon)
Armour
 i - a +1 hat
   (You found it on level 3 of the Dungeon)
Jewellery
 g - a ring of ice
   (You found it on level 2 of the Dungeon)
 l - a ring of see invisible (left tentacle)
   (You found it on level 3 of the Dungeon)
Scrolls
 b - a scroll of vulnerability {unknown}
 d - 2 scrolls of noise {unknown}
 e - 2 scrolls of amnesia {unknown}
 j - a scroll of teleportation {unknown}
 m - a scroll of enchant armour {unknown}
Potions
 a - 2 potions of might {unknown}
 c - a potion of ambrosia {unknown}
 f - 2 potions of flight {unknown}
 h - 2 potions of cancellation {unknown}
 k - 2 potions of curing {unknown}

Dungeon Overview and Level Annotations

Branches:
Dungeon (4/15)
 Temple: D:4-7

Altars:
Dithmenos
Nemelex Xobeh

.# #.# #.# ##.## o# #.# #.. #.#
o# #.# #.##.# #.# #### .###.###
#.##.# #.# #... .#.....# #.##.#
#.# #.## .#.....######.##.# #.#
#<#
.#.))o......#.##.########.####.#
........###.#.##.....<......##.#
........###.#.##@########.#.##.#
...........o...o...# #.#.##.##
#.#####.###.##.#.#.### #.#.##..#
#.# #.# #.##.....).# ##.#.##..#
#.# #.# #.##.###.#.# #.......##
#.. #.# #.......#....#.##.##.#
##. ####.### #####.##.##.# ##.
#.##.##.# # #.##.##.#


You could see 2 orcs.


Message History

Things that are here:
a +2 dagger of venom {short}; a goblin corpse MP[+1]
Your mp is fully restored (8).
You tentacle-slap the ball python.
You kill the ball python!
HP[+1]
You now have 35 max hp (+1).
No target in view!
No target in view!
No target in view!
No target in view!
No target in view!
No target in view!
No target in view!
No target in view!
No target in view!
No target in view!
No target in view!
No target in view!
No target in view!
No target in view!
No target in view!
No target in view!
Your tentacle spike disappears.
An iguana comes into view.
The iguana hisses angrily.
HP[+3]
Your hp is fully restored (35).
One of your tentacles grows a vicious spike.
An orc wizard comes into view. It is wielding a +0 dagger.
MP[-1]
You lost 1 mp, and now have 7/8 mp. 2 orcs come into view.
The orc moves out of view.
You tentacle-slap the iguana but do no damage.
You grab the iguana.
You pierce the iguana, but do no damage.
You constrict the iguana, but do no damage.
You tentacle-slap the iguana. You squeeze the iguana.
You constrict the iguana, but do no damage.
The iguana closely misses you.
You tentacle-slap the iguana but do no damage.
You pierce the iguana, but do no damage.
You tentacle-slap the iguana, but do no damage.
You constrict the iguana. The iguana closely misses you.
You tentacle-slap the iguana but do no damage.
You constrict the iguana, but do no damage.
The iguana bites you!
HP[-9]
You take 9 damage, and now have 26/35 hp.
MASSIVE DAMAGE!! (PAUSE)
You tentacle-slap the iguana but do no damage.
You squeeze the iguana, but do no damage.
Your transformation is almost over.
You constrict the iguana. The iguana bites you!
* * * LOW HITPOINT WARNING * * *
You are too injured to fight recklessly!
You are too injured to fight recklessly!
HP[-11]
You take 11 damage, and now have 15/35 hp.
MASSIVE DAMAGE!! (PAUSE)
You are too injured to fight recklessly!
You are too injured to fight recklessly!
You are too injured to fight recklessly!
You are too injured to fight recklessly!
You are too injured to fight recklessly!
You are too injured to fight recklessly!
You are too injured to fight recklessly!
You are too injured to fight recklessly!
You are too injured to fight recklessly!
You are too injured to fight recklessly!
You tentacle-slap the iguana but do no damage.
You pierce the iguana, but do no damage.
You constrict the iguana. The iguana closely misses you.
You tentacle-slap the iguana.
You pierce the iguana.
You tentacle-slap the iguana. You constrict the iguana. The iguana bites you!
* * * LOW HITPOINT WARNING * * *
HP[-14] MP[+1]
You take 14 damage, and now have 1/35 hp.
MASSIVE DAMAGE!! (PAUSE)
Your mp is fully restored (8).
You tentacle-slap the iguana but do no damage.
You squeeze the iguana.
You kill the iguana!
Your Dodging skill increases to level 3!
Your Stealth skill increases to level 3!
You barely miss the orc. You grab the orc.
You pierce the orc.
You tentacle-slap the orc, but do no damage.
You constrict the orc. The orc misses you.
You release your grip on the orc.
Your tentacle spike disappears.
HP[+1]
Things that are here:
a +0 dagger {short}; a goblin corpse The orc wizard mumbles some strange words.
The orc wizard flickers and vanishes for a moment.
HP[+1]
The orc hits you with a +0 dagger.
You die...

Skill      XL: |  1  2  3  4  5 |
---------------+----------------+-----
Stealth        | 1 2 3 |  3.1
Fighting       | 2 |  2.4
Unarmed Combat | 4 |  4.4
Dodging        | 3 |  3.0
Spellcasting   | |  2.0
Transmutations | |  2.0

Action                   |  1- 3 |  4- 6 || total
-------------------------+-------+-------++-------
Melee: Unarmed           |    52 |    75 ||   127
       Constrict         |    20 |    26 ||    46
       Tentacles         |     9 |    19 ||    28
       Kick              |    16 |    20 ||    36
       Punch             |     2 |     7 ||     9
 Cast: Beastly Appendage |    21 |    20 ||    41
 Stab: Sleeping          |     5 |     7 ||    12
Armor: Skin              |     1 |     3 ||     4
Dodge: Dodged            |    30 |    39 ||    69

Levels and vault maps discovered:
D:1:      wander_arrival_estate, layout_basic,
          shapermc_ecumenical_altar_rom_forum, minmay_crystal_room
D:2:      layout_basic, basic_altar, minmay_pentomino_t4
D:3:      layout_basic, grunt_dithmenos_smoke, minmay_randomly_rotated_circles
D:4:      layout_loops_ring, serial_aquarium, aquarium_bridge_square
          [aquarium_subvault_balcony, aquarium_subvault_bridge,
          aquarium_subvault_window, aquarium_subvault_bridge],
          aquarium_bridge_straight [aquarium_subvault_bridge,
          aquarium_subvault_wall, aquarium_subvault_bridge,
          aquarium_subvault_wall], aquarium_window_fake, aquarium_window_corner,
          aquarium_window_fake, aquarium_window_fake, aquarium_view_2a,
          aquarium_pool_2, minmay_tree_intersection

Notes
Turn   | Place    | Note
-------+----------+-------------------------------------------
     0 | D:1      | zeratav the Octopode Transmuter began the quest for the
                  | Orb.
     0 | D:1      | Reached XP level 1. HP: 13/13 MP: 3/3
     0 | D:1      | magus.rc [v1.9.6]
   287 | D:1      | Found a faded altar of an unknown god.
   299 | D:1      | Got Plato's Compendium of Ignition
   356 | D:1      | Reached XP level 2. HP: 12/18 MP: 3/5
   362 | D:1      | Reached skill level 1 in Stealth
   801 | D:1      | You fall into a shaft and drop 1 floor!
   826 | D:2      | Reached XP level 3. HP: 23/23 MP: 4/6
  1210 | D:2      | Found a sparkling altar of Nemelex Xobeh.
  1612 | D:2      | You pick up a book of Armaments and begin reading...
  1612 | D:2      | You add the spells Stone Arrow and Lehudib's Crystal Spear
                  | to your library.
  1763 | D:2      | Reached skill level 2 in Stealth
  1763 | D:2      | Reached XP level 4. HP: 21/29 MP: 7/7
  2060 | D:3      | Reached skill level 2 in Fighting
  2477 | D:3      | Found a shadowy altar of Dithmenos.
  2574 | D:3      | Reached skill level 4 in Unarmed Combat
  2914 | D:3      | HP: 6/29 [frozen (3)]
  2918 | D:3      | Reached XP level 5. HP: 6/34 MP: 8/8
  3728 | D:4      | You pick up a book of Vapours and begin reading...
  3728 | D:4      | You add the spells Poisonous Vapours and Corpse Rot to your
                  | library.
  3784 | D:4      | HP: 1/35 [iguana (14)]
  3786 | D:4      | Reached skill level 3 in Dodging
  3786 | D:4      | Reached skill level 3 in Stealth
  3805 | D:4      | Slain by an orc

Vanquished Creatures
  A hound (D:4)
  An iguana (D:4)
  5 adders
  2 worms (D:2)
  5 orcs (D:3)
  10 ball pythons
  2 bats
  4 endoplasms
  3 giant cockroaches (D:3)
  5 goblins
  4 hobgoblins
  8 jackals
  2 quokkas
  3 frilled lizards
  2 kobolds
  8 rats
65 creatures vanquished.

Vanquished Creatures (others)
  7 fungi (D:4)
7 creatures vanquished.

Grand Total: 72 creatures vanquished

Table legend:
 A = Non-vault XP
 B = Vault XP
 C = Vault XP percentage of total XP
 D = Non-vault monster count
 E = Vault monster count
 F = Vault count percentage of total count
                 A         B        C        D         E       F
            +---------+---------+-------+---------+---------+-------
      Total |     205 |      48 |  19.0 |      53 |      12 |  18.5
            +---------+---------+-------+---------+---------+-------
        D:1 |      22 |       0 |   0.0 |      12 |       0 |   0.0
        D:2 |      61 |      18 |  22.8 |      15 |       2 |  11.8
        D:3 |      35 |      30 |  46.2 |      19 |      10 |  34.5
        D:4 |      87 |       0 |   0.0 |       7 |       0 |   0.0
            +---------+---------+-------+---------+---------+-------

Illustrated notes

Table legend:
 A = Kills in this place as a percentage of kills in entire the game.
 B = Kills by you in this place as a percentage of kills by you in the entire game.
 C = Kills by friends in this place as a percentage of kills by friends in the entire game.
 D = Other kills in this place as a percentage of other kills in the entire game.
 E = Experience gained in this place as a percentage of experience gained in the entire game.
 F = Experience gained in this place divided by the number of levels of this place that you have seen.
                   A       B       C       D       E      F
               +-------+-------+-------+-------+-------+----------------------
         Total | 100.0 | 100.0 |   N/A |   N/A | 100.0 |  63.2
       Dungeon | 100.0 | 100.0 |   N/A |   N/A | 100.0 |  63.2
               +-------+-------+-------+-------+-------+----------------------

Table legend: (Time is in decaauts)
 A = Elapsed time spent in this place.
 B = Non-inter-level travel time spent in this place.
 C = Inter-level travel time spent in this place.
 D = Time resting spent in this place.
 E = Time spent auto-exploring this place.
 F = Levels seen in this place.
 G = Mean time per level.
                   A        B        C        D        E       F      G
               +--------+--------+--------+--------+--------+-----+--------+
         Total |   3794 |   3709 |     85 |    471 |   2809 |   4 |  948.5 |
       Dungeon |   3794 |   3709 |     85 |    471 |   2809 |   4 |  948.5 |
               +--------+--------+--------+--------+--------+-----+--------+

Top non-repeatable levels by time:
     D:3: 1349 daAuts
     D:2: 1222 daAuts
     D:1: 799 daAuts
     D:4: 422 daAuts
